 Dungeon Sprint DCSS version 0.31.0-12-g77e489cdc1 (webtiles) character file.

Game seed: 12037558421984925666

5 shadowstone the Scratcher (level 1, -3/6 HPs)
             Began as a Felid Shapeshifter on Feb 20, 2024.
             Slain by a water moccasin (5 damage)
             ... in the Dungeon (Sprint IX: "|||||||||||||||||||||||||||||").
             The game lasted 00:00:40 (195 turns).

shadowstone the Scratcher (Felid Shapeshifter)       Turns: 195, Time: 00:00:41

Health: -3/6       AC:  1    Str: 10    XL:     1   Next: 66%
Magic:  2/2        EV: 21    Int: 13    God:
Gold:   0          SH:  0    Dex: 15    Spells: 0/0 levels left
                                        Lives:  0   Deaths: 1

rFire   . .          .
                       - Unarmed
rCold   . . .        (shield unavailable)
rNeg    . . .        (body armour unavailable)
rPois   .            (helmet unavailable)
rElec   .            (cloak unavailable)
rCorr   .            (gloves unavailable)
SInv    +            (boots unavailable)
Will    .....        (no amulet)
Stlth   +            (no ring)
HPRegen 0.21/turn    (no ring)
MPRegen 0.08/turn

%: no teleportation
@: flux-form, glowing
A: glow, contaminating, reduced hp, very small, claws 1, fangs 3, see invisible,
shaggy fur 1, stealthy paws, no weapons or thrown items, no armour, multi-lived
a: Begin Untransformation


You were in the Dungeon.
You were something dangerously unstable.
You visited 1 branch

Inventory:

Talismans
 b - a beast talisman
 c - a flux talisman (active)
Scrolls
 i - 3 scrolls of blinking
 l - a scroll of identify
Potions
 a - a potion of lignification
 d - a potion of curing
 e - 3 potions of heal wounds
 f - 3 potions of haste
 g - 2 potions of magic
 h - a potion of berserk rage
 j - 3 potions of might
 k - a potion of mutation


   Skills:
 + Level 1.0 Fighting
 + Level 2.8 Dodging
 + Level 3.5 Unarmed Combat
 + Level 3.5 Shapeshifting


You couldn't memorise any spells.
You didn't know any spells.
Your spell library was empty.

Dungeon Overview and Level Annotations

Branches:
Dungeon (1/1)

Altars:


Innate Abilities, Weirdness & Mutations

You are something dangerously unstable.
You glow with magical radiation, making you easy to see and hit.
Foes you strike become dangerously contaminated with magical radiation.
Your maximum health is decreased, since you lack skill for your form.
You have sharp claws.
You have razor-sharp teeth.
You have supernaturally acute eyesight. (SInv)
You are covered in fur. (AC +1)
Your paws help you pounce on unaware monsters.
You are incapable of wielding weapons or throwing items.
You cannot wear armour.
You gain extra lives every three experience levels.


Message History

Your shape twists and changes as you die.
The black bear claws you. x2
The howler monkey hoots and howls with incredible vigour!
You rejoin the land of the living...
You open the door.
Found four items.
Found a potion of mutation.
There is an open door here.
Found a scroll of identify.
e - 3 potions of heal wounds (gained 2)
Found 2 scrolls of enchant weapon.
f - 2 potions of haste (gained 1)
Found a scroll of blinking.
f - 3 potions of haste (gained 1)
Found 2 scrolls of enchant weapon.
j - 2 potions of might
Found a scroll of blinking.
j - 3 potions of might (gained 1)
Found 2 scrolls of enchant armour.
You see here a scroll of enchant weapon.
k - a potion of mutation
l - a scroll of identify You see here 2 scrolls of enchant weapon.
i - 2 scrolls of blinking (gained 1)
You see here 2 scrolls of enchant weapon.
i - 3 scrolls of blinking (gained 1)
You see here 2 scrolls of enchant armour.
You open the door. 2 cane toads, a black mamba, 2 giant lizards and a water moccasin come into view.
The cane toad gives a loud, deep croak!
The basilisk hisses angrily.
The komodo dragon hisses angrily.
The water moccasin hisses angrily.
The water moccasin bites you.
Ouch! That really hurt!
* * * LOW HITPOINT WARNING * * *
You see here 2 scrolls of enchant weapon.
The water moccasin attacks as it pursues you!
The water moccasin bites you but does no damage.
The water moccasin bites you.
Ouch! That really hurt!
You die...

▓▓▓▓▓▓▓▓▓▓▓▓▓▓▓▓▓▓▓▓▓▓▓▓▓▓▓
..F.lFSl.Sp?..?.....'......
▓▓▓▓▓▓▓▓▓▓▓▓▓▓▓▓▓▓▓▓▓▓▓▓▓▓▓▓▓▓▓▓▓
.................................
▓▓▓▓▓▓▓▓▓▓▓▓▓▓▓▓▓▓▓▓▓▓▓▓▓▓▓▓▓▓▓▓▓
+hhs.oh†...))... ▓▓▓▓▓▓▓▓▓▓▓▓▓▓▓▓


You could see a komodo dragon, a black mamba, a cane toad, a basilisk and a
water moccasin.

Vanquished Creatures
  A ball python (D)
  An endoplasm (D)
  A goblin (D)
  A frilled lizard (D)
  A kobold (D)
5 creatures vanquished.

Notes
Turn   | Place    | Note
-------+----------+-------------------------------------------
     0 | D        | shadowstone the Felid Shapeshifter began the quest for the
                  | Orb.
     0 | D        | Reached XP level 1. HP: 10/10 MP: 2/2
    24 | D        | Noticed a howler monkey
    24 | D        | Noticed a hound
    24 | D        | Noticed a scorpion
    24 | D        | Noticed a black bear
    25 | D        | Slain by a black bear
    25 | D        | Lost a life (0 lives remaining)
   192 | D        | Noticed a cane toad
   192 | D        | Noticed a basilisk
   192 | D        | Noticed a cane toad
   192 | D        | Noticed a black mamba
   192 | D        | Noticed a komodo dragon
   192 | D        | Noticed a water moccasin
   195 | D        | Slain by a water moccasin

Illustrated notes

Levels and vault maps discovered:
D:        linesprint [early_d, line_temple, items_1, d_10, items_2, lair_1,
          lair_end, items_3, orc_1, orc_end, items_4, d_15, swamp_1, shoals_1,
          snake_1, spider_1, d_20, vaults_1, items_5, swamp_end, shoals_end,
          snake_end, spider_end, vaults_end, d_27, items_6, zot_1, zot_end,
          crypt_end, forest_end, elf_end, slime_end, tomb_end, abyss_end,
          pan_hell_end]

Skill      XL: |  1 |
---------------+----+-----
Shapeshifting  | 3 |  3.5
Fighting       | |  1.0
Dodging        | |  2.8
Unarmed Combat | |  3.5

Action                     || total
---------------------------++-------
  Melee: Unarmed           ||    10
 Armour: Skin              ||     8
  Dodge: Dodged            ||     3
   Form: Flux              ||     1
